 Dungeon Crawl Stone Soup version 0.23.2-30-g0e89c35 (webtiles) character file.

Game seed: 16517652730274189121

146 Fortress the Magician (level 5, -2/28 HPs)
             Began as a Deep Elf Fire Elementalist on June 9, 2019.
             Slain by a slave (7 damage)
             ... led by Pikel
             ... on level 4 of the Dungeon.
             The game lasted 00:14:39 (2418 turns).

Fortress the Magician (Deep Elf Fire Elementalist)  Turns: 2418, Time: 00:14:39

Health: -2/28      AC:  2    Str:  5    XL:     5   Next: 7%
Magic:  8/14       EV: 13    Int: 21    God:
Gold:   131        SH:  0    Dex: 15    Spells: 7/13 levels left

rFire    . . .     SeeInvis .   k - +3 dagger
rCold    . . .     Gourm    .   (no shield)
rNeg     . . .     Faith    .   a - +0 robe
rPois    .         Spirit   .   (no helmet)
rElec    .         Reflect  .   (no cloak)
rCorr    .         Harm     .   (no gloves)
MR       .....                  (no boots)
Stlth    ++........             (no amulet)
HPRegen  0.09/turn              (no ring)
MPRegen  0.14/turn              (no ring)

@: flying
A: no striking features
a: no special abilities


You were on level 4 of the Dungeon.
You were not hungry.

You visited 1 branch of the dungeon, and saw 4 of its levels.

You collected 131 gold pieces.

Inventory:

Hand Weapons
 k - a +3 dagger (weapon)
 n - a +1 dagger of venom
 o - a +3 spear
 s - a +0 spear of venom
 x - a +1 long sword of draining
Missiles
 e - 37 stones (quivered)
 q - 2 needles of confusion
 r - 15 poisoned needles
 w - 18 sling bullets
Armour
 a - a +0 robe (worn)
Wands
 p - a wand of disintegration (7)
Scrolls
 g - 3 scrolls of identify
 j - a scroll of remove curse
 y - a scroll of magic mapping {unknown}
Potions
 d - a potion of invisibility {unknown}
 f - 2 potions of curing
 i - a potion of flight
 m - a potion of lignification {unknown}
 t - a potion of brilliance {unknown}
 u - a potion of degeneration {unknown}
 z - a potion of ambrosia {unknown}
Comestibles
 c - 6 rations


   Skills:
 + Level 3.0 Dodging
 - Level 2.4 Stealth
 + Level 4.7 Spellcasting
 + Level 2.5 Conjurations
 + Level 4.6 Fire Magic


You had 7 spell levels left.
You knew the following spells:

 Your Spells              Type           Power        Failure   Level  Hunger
a - Flame Tongue          Conj/Fire      ###..        2%          1    None
b - Throw Flame           Conj/Fire      ###...       3%          2    #......
c - Conjure Flame         Conj/Fire      ###.....     8%          3    ##.....

Your spell library contained the following spells:

 Spells                   Type           Power        Failure   Level  Hunger
 Confusing Touch          Hex            #.....       11%         1    None
 Inner Flame              Hex/Fire       ##......     13%         3    ##.....
 Sticky Flame             Conj/Fire      ###.....     26%         4    ####...
 Confuse                  Hex            #.......     32%         3    ##.....
 Gell's Gravitas          Tloc           #.........   32%         3    ##.....
 Fireball                 Conj/Fire      ###.......   56%         5    ######.
 Petrify                  Tmut/Erth      #.......     73%         4    ####...
 Metabolic Englaciation   Hex/Ice        #.........   97%         5    ######.
 Yara's Violent Unravell  Hex/Tmut       #.........   97%         5    ######.


Dungeon Overview and Level Annotations

Branches:
Dungeon (4/15)
 Temple: D:4-7

Altars:
Ashenzari

Shops:
D:4 *

Annotations:
D:4 Pikel


Message History

* * * LOW HITPOINT WARNING * * *
Pikel freezes you.
* * * LOW HITPOINT WARNING * * *
The slave closely misses you.
It was a potion of flight.
You feel very buoyant.
You fly up into the air.
Pikel misses you. The slave hits you.
* * * LOW HITPOINT WARNING * * *
You feel better.
Pikel hits you with a +0 whip of freezing.
* * * LOW HITPOINT WARNING * * *
Pikel freezes you.
* * * LOW HITPOINT WARNING * * *
The slave closely misses you.
Your magical contamination has completely faded away.
Okay, then.
You hit Pikel but do no damage.
Pikel is lightly wounded.
Pikel barely misses you. The slave hits you!
You die...

### ### ###.. ..# ...#
#.# #p###.# #@Kpp.#
#######.$######
....>....!.....
#######...#####
#K.......
##############p....###
....!....K∩(......##
#######.p..###....#
#.#####.....#


You could see Pikel and 3 slaves.

Vanquished Creatures
  Robin (D:1)
  A howler monkey skeleton (D:4)
  4 adders
  A worm (D:2)
  3 dart slugs
  3 leopard geckos
  A ball python (D:3)
  9 bats
  2 giant cockroaches
  16 goblins
  9 hobgoblins
  11 kobolds
  2 quokkas (D:3)
  4 frilled lizards
  4 rats
71 creatures vanquished.

Notes
Turn   | Place    | Note
-------+----------+-------------------------------------------
     0 | D:1      | Fortress the Deep Elf Fire Elementalist began the quest for
                  | the Orb.
     0 | D:1      | Reached XP level 1. HP: 10/10 MP: 6/6
   120 | D:1      | Reached XP level 2. HP: 15/15 MP: 2/8
   489 | D:1      | Reached XP level 3. HP: 19/19 MP: 7/10
   851 | D:2      | Noticed Robin
  1062 | D:1      | Killed Robin
  1237 | D:2      | Reached XP level 4. HP: 24/24 MP: 12/12
  1802 | D:2      | Found a shattered altar of Ashenzari.
  2123 | D:3      | Learned a level 2 spell: Throw Flame
  2127 | D:3      | Learned a level 3 spell: Conjure Flame
  2380 | D:4      | Noticed a slave
  2380 | D:4      | Noticed a slave
  2380 | D:4      | Noticed a slave
  2380 | D:4      | Noticed Pikel
  2386 | D:4      | Found Mioheb Vonoy's Assorted Antiques.
  2399 | D:4      | Reached XP level 5. HP: 25/28 MP: 9/14
  2418 | D:4      | Slain by a slave

Skill      XL: |  1  2  3  4 |
---------------+-------------+-----
Fire Magic     | 4 |  4.6
Spellcasting   | 4 |  4.7
Conjurations   | 2 |  2.5
Dodging        | 3 |  3.0
Stealth        | |  2.4

Action                   |  1- 3 |  4- 6 || total
-------------------------+-------+-------++-------
Melee: Unarmed           |     1 |       ||     1
       Dagger            |    11 |    24 ||    35
Throw: Stone             |       |     2 ||     2
 Cast: Flame Tongue      |    52 |    65 ||   117
  Use: Scroll            |       |     6 ||     6
       Potion            |       |     2 ||     2
  Eat: Ration            |       |     1 ||     1
       Chunk             |       |     1 ||     1
Armor: Robe              |     1 |    12 ||    13
Dodge: Dodged            |    19 |    39 ||    58
